 Dungeon Crawl Stone Soup version 0.31-a0-167-g1c394c0614 (webtiles) character file.

Game seed: 9243375014868180712

27 qw the Shooter (level 3, -3/32 HPs)
             Began as a Naga Hunter on June 14, 2023.
             Slain by a worm (5 damage)
             ... on level 2 of the Dungeon.
             The game lasted 00:00:14 (923 turns).

qw the Shooter (Naga Hunter)                         Turns: 923, Time: 00:00:14

Health: -3/32      AC:  2    Str: 13    XL:     3   Next: 10%
Magic:  3/3        EV:  9    Int:  9    God:
Gold:   79         SH:  0    Dex: 16    Spells: 2/2 levels left

rFire   . . .        Y - +0 shortbow
rCold   . . .        (shield currently unavailable)
rNeg    . . .        c - +0 leather armour
rPois   +            (no helmet)
rElec   .            (no cloak)
rCorr   .            (no gloves)
SInv    +            (no barding)
Will    .....        (no amulet)
Stlth   ++           (no ring)
HPRegen 0.25/turn    (no ring)
MPRegen 0.08/turn

%: no passive effects
@: short of breath, very slow
A: AC +1, large, see invisible, deformed body, poison resistance, slowness 2,
spit poison 1, naga tail 1
a: Spit Poison


You were on level 2 of the Dungeon.
You visited 1 branch of the dungeon, and saw 2 of its levels.

You collected 79 gold pieces.


Innate Abilities, Weirdness & Mutations

Your serpentine skin is tough. (AC +1)
You have supernaturally acute eyesight. (SInv)
Armour fits poorly on your strangely shaped body.
Your system is resistant to poisons. (rPois)
You cover ground very slowly.
You can spit poison.
You have a snake-like lower body.


   Skills:
 - Level 2.0 Fighting
 + Level 4.5 Ranged Weapons
 - Level 1.5 Dodging
 - Level 1.5 Stealth


You had 2 spell levels left.
You didn't know any spells.
Your spell library was empty.

Inventory:

Hand Weapons
 Y - a +0 shortbow (weapon)
Armour
 c - a +0 leather armour (worn)
 e - the +0 leather armour "Xyept" {-Tele Dex+5 Slay+3}
   (You found it on level 2 of the Dungeon)

   Dex:       It affects your dexterity (+5).
   Slay:      It affects your accuracy & damage with ranged weapons and melee
   (+3).
   -Tele:     It prevents most forms of teleportation.
Potions
 b - a potion of curing {unknown}
 d - a potion of invisibility {unknown}
 g - a potion of enlightenment {unknown}

Dungeon Overview and Level Annotations

Branches:
Dungeon (2/15)

Altars:


Message History

You have got your breath back.
The adder bites you.
You are poisoned.
The adder poisons you! The adder bites you.
915 ||| INVOKING Spit Poison.
Aiming: Spit Poison (2% risk of failure)
Press: ? - help, Shift-Dir - straight line, f/p - adder The splash of poison misses the adder.
You feel sick. The adder barely misses you.
You shoot an arrow. The arrow closely misses the adder.
You feel sick. The adder bites you but does no damage.
You shoot an arrow. The arrow hits the adder!
You kill the adder!
You feel sick.
You have reached level 3!
Your experience leads to an increase in your attributes!
Increase (S)trength, (I)ntelligence, or (D)exterity?
You feel agile. x2; Your skin feels tougher.
You shoot an arrow. The arrow barely misses the worm.
You feel sick.
You shoot an arrow. The arrow hits the worm!
The worm is heavily wounded.
You feel sick. The worm closely misses you.
You shoot an arrow. The arrow hits the worm.
The worm is heavily wounded.
You have got your breath back.
You feel sick.
You are no longer poisoned.
The worm bites you!
921 ||| INVOKING Spit Poison.
Aiming: Spit Poison (2% risk of failure)
Press: ? - help, Shift-Dir - straight line, f/p - worm The splash of poison misses the worm.
You shoot an arrow. The arrow hits the worm.
The worm is heavily wounded.
The worm barely misses you.
You shoot an arrow. The arrow hits the worm!
The worm is almost dead.
The worm bites you.
You die...

####
#..#
#..####
#.@..<#
#w#####
#. ..
...
....
.....
....$.


You could see a worm.

Vanquished Creatures
  An adder (D:2)
  2 ball pythons (D:1)
  2 endoplasms (D:1)
  A giant cockroach (D:1)
  A hobgoblin (D:1)
  2 quokkas (D:1)
  A bat (D:1)
  2 frilled lizards (D:1)
  4 kobolds
  3 rats (D:1)
19 creatures vanquished.

Notes
Turn   | Place    | Note
-------+----------+-------------------------------------------
     0 | D:1      | qw the Naga Hunter began the quest for the Orb.
     0 | D:1      | Reached XP level 1. HP: 19/19 MP: 1/1
     0 | D:1      | 0 ||| qw: Version: 0.2-a-29-g1fa15c8
     0 | D:1      | 0 ||| qw: Game counter: 4970
     0 | D:1      | 0 ||| qw: Always use a shield: true
     0 | D:1      | 0 ||| qw: God list: Okawaru
     0 | D:1      | 0 ||| qw: Allow faded altars: false
     0 | D:1      | 0 ||| qw: Do Orc after D:15 true
     0 | D:1      | 0 ||| qw: Do second Lair branch before Depths: true
     0 | D:1      | 0 ||| qw: Lair rune preference: random
     0 | D:1      | 0 ||| qw: Plans: Normal
     0 | D:1      | 0 ||| PLANNING D:1-11
    19 | D:1      | You fall into a shaft and drop 1 floor!
    66 | D:2      | Identified the +0 leather armour "Xyept" {-Tele Dex+5
                  | Slay+3}
    86 | D:2      | 86 ||| READING scroll labelled POCETR PISOCZURCH.
    87 | D:2      | 87 ||| DROPPING scroll of butterflies.
    95 | D:1      | 95 ||| INVOKING Spit Poison.
   177 | D:1      | 177 ||| INVOKING Spit Poison.
   199 | D:1      | 199 ||| INVOKING Spit Poison.
   221 | D:1      | 221 ||| INVOKING Spit Poison.
   224 | D:1      | 224 ||| INVOKING Spit Poison.
   226 | D:1      | Reached skill level 4 in Ranged Weapons
   226 | D:1      | Reached XP level 2. HP: 26/26 MP: 2/2
   234 | D:1      | 234 ||| INVOKING Spit Poison.
   289 | D:1      | 289 ||| INVOKING Spit Poison.
   309 | D:1      | 309 ||| INVOKING Spit Poison.
   502 | D:1      | 502 ||| INVOKING Spit Poison.
   705 | D:1      | 705 ||| INVOKING Spit Poison.
   821 | D:1      | 821 ||| INVOKING Spit Poison.
   883 | D:1      | 883 ||| READING scroll labelled XEWKESCHIAPT.
   884 | D:1      | 884 ||| READING scroll labelled TYRRAROO PUHOR.
   885 | D:1      | 885 ||| READING scroll labelled SOUNKU NAGG.
   886 | D:1      | 886 ||| READING scroll labelled GOGHAA KESHROE.
   911 | D:2      | 911 ||| INVOKING Spit Poison.
   915 | D:2      | 915 ||| INVOKING Spit Poison.
   918 | D:2      | Reached XP level 3. HP: 12/32 MP: 3/3
   920 | D:2      | HP: 1/32 [worm (8)]
   921 | D:2      | 921 ||| INVOKING Spit Poison.
   923 | D:2      | Slain by a worm

Levels and vault maps discovered:
D:1:      psy_arrival_whirlpool, layout_loops_ring, minmay_misc_feat_chi,
          roderic_lattice_a
D:2:      layout_basic, serial_shops, shop, kennysheep_donut,
          minmay_rat_gold_closets, uniq_sigmund

Skill      XL: |  1 |
---------------+----+-----
Ranged Weapons | 4 |  4.5
Fighting       | |  2.0
Dodging        | |  1.5
Stealth        | |  1.5

Action                     || total
---------------------------++-------
   Fire: Shortbow          ||    32
Ability: Spit Poison       ||    14
    Use: Scroll            ||     5
 Armour: Leather armour    ||     3
  Dodge: Dodged            ||     5

Table legend:
 A = Non-vault XP
 B = Vault XP
 C = Vault XP percentage of total XP
 D = Non-vault monster count
 E = Vault monster count
 F = Vault count percentage of total count
                 A         B        C        D         E       F
            +---------+---------+-------+---------+---------+-------
      Total |      39 |       0 |   0.0 |      19 |       0 |   0.0
            +---------+---------+-------+---------+---------+-------
        D:1 |      25 |       0 |   0.0 |      17 |       0 |   0.0
        D:2 |      14 |       0 |   0.0 |       2 |       0 |   0.0
            +---------+---------+-------+---------+---------+-------
